 Dungeon Crawl Stone Soup version 0.20.1-1-g8b1a95d (webtiles) character file.

891 rabbitfr the Magician (level 7, -4/37 HPs)
             Began as a Deep Elf Fire Elementalist on Dec 28, 2017.
             Was a Believer of Vehumet.
             Killed from afar by an orc wizard (6 damage)
             ... with a magic dart
             ... on level 5 of the Dungeon.
             The game lasted 00:22:59 (5868 turns).

rabbitfr the Magician (Deep Elf Fire Elementalist)  Turns: 5868, Time: 00:23:01

Health: -4/37      AC:  3    Str:  5    XL:     7   Next: 77%
Magic:  9/18       EV: 13    Int: 22    God:    Vehumet [**....]
Gold:   209        SH:  5    Dex: 15    Spells: 9/19 levels left

rFire    . . .     SeeInvis .   b - +0 hunting sling
rCold    . . .     Gourm    .   p - +0 buckler
rNeg     . . .     Faith    .   g - +0 robe
rPois    .         Spirit   .   s - +0 helmet
rElec    .         Reflect  .   (no cloak)
rCorr    .         Harm     .   (no gloves)
MR       .....                  (no boots)
Stlth    ++........             (no amulet)
Regen    0.2/turn               (no ring)
MPRegen  0.2/turn               (no ring)

@: no status effects
A: no striking features
a: Renounce Religion


You were on level 5 of the Dungeon.
You worshipped Vehumet.
Vehumet was pleased with you.
You were hungry.

You visited 1 branch of the dungeon, and saw 5 of its levels.
You also visited: Sewer.

You collected 209 gold pieces.

Inventory:

Hand Weapons
 a - a +0 short sword
 b - a +0 hunting sling (weapon)
Missiles
 f - 277 stones (quivered)
 l - 7 poisoned needles
Armour
 g - a +0 robe (worn)
 p - a +0 buckler (worn)
 s - a +0 helmet (worn)
 x - the +3 leather armour of Contentment {Dex+4 Stlth+}
   (You found it on level 5 of the Dungeon)

   It affects your dexterity (+4).
   It makes you more stealthy.
Jewellery
 y - an uncursed amulet of rage {unknown}
Scrolls
 e - 5 scrolls of identify
 h - a scroll of magic mapping
 i - 2 scrolls of blinking
 n - 2 scrolls of remove curse
Potions
 m - a potion of might {unknown}
 q - a potion of mutation {unknown}
 r - a potion of lignification {unknown}
 t - a potion of haste {unknown}
 u - a potion of heal wounds {unknown}
 v - a potion of curing {unknown}
Books
 j - a book of Flames

   Spells                             Type                      Level
   a - Flame Tongue                   Conjuration/Fire             1
   b - Throw Flame                    Conjuration/Fire             2
   c - Conjure Flame                  Conjuration/Fire             3
   d - Inner Flame                    Hexes/Fire                   3
   e - Sticky Flame                   Conjuration/Fire             4
   f - Fireball                       Conjuration/Fire             5
 k - a book of Changes

   Spells                             Type                      Level
   a - Beastly Appendage              Transmutation                1
   b - Sticks to Snakes               Transmutation                2
   c - Spider Form                    Transmutation/Poison         3
   d - Ice Form                       Ice/Transmutation            4
   e - Blade Hands                    Transmutation                5
 w - a book of Geomancy

   Spells                             Type                      Level
   a - Sandblast                      Earth                        1
   b - Passwall                       Transmutation/Earth          2
   c - Stone Arrow                    Conjuration/Earth            3
   d - Petrify                        Transmutation/Earth          4
   e - Lee's Rapid Deconstruction     Earth                        5
Comestibles
 c - 5 bread rations
 d - 3 royal jellies
 o - 3 fruits
 z - a meat ration


   Skills:
 - Level 0.5 Fighting
 - Level 1.2(1.3) Slings
 - Level 0.8(1.3) Throwing
 - Level 2.4 Dodging
 - Level 2.4 Stealth
 + Level 3.0 Shields
 + Level 6.5 Spellcasting
 + Level 4.2 Conjurations
 + Level 6.0 Fire Magic


You had 9 spell levels left.
You knew the following spells:

 Your Spells              Type           Power        Failure   Level  Hunger
a - Flame Tongue          Conj/Fire      ####.        1%          1    None
b - Conjure Flame         Conj/Fire      ####....     3%          3    #......
c - Fireball              Conj/Fire      ####......   32%         5    #####..
d - Magic Dart            Conj           ####         1%          1    None


Dungeon Overview and Level Annotations

Branches:
Dungeon (5/15)
 Temple: D:4-7

Altars:
Dithmenos
Sif Muna
Vehumet
Yredelemnul


Message History

Casting: Flame Tongue
Confirm with . or Enter, or press ? or * to list all spells.
Aiming: Flame Tongue
Press: ? - help, Shift-Dir - straight line, f - orc wizard, p - orc warrior
Aim: an orc wizard, wielding a dagger and wearing a glowing robe (lightly wounded)
The flame tongue hits the orc wizard.
The orc wizard resists.
The orc wizard is moderately wounded.
You block the orc warrior's attack. The orc wizard barely misses you.
Casting: Flame Tongue
Confirm with . or Enter, or press ? or * to list all spells.
Aiming: Flame Tongue
Press: ? - help, Shift-Dir - straight line, f/p - orc wizard
Aim: an orc wizard, wielding a dagger and wearing a glowing robe (moderately wounded)
The flame tongue hits the orc wizard.
The orc wizard resists.
The orc wizard is heavily wounded.
The orc warrior hits you with a short sword!
* * * LOW HITPOINT WARNING * * *
The orc wizard casts a spell at you. The magic dart hits you!
You die...

##
.#######################
.#.....#........#.......
.#.....'........#o......
.'.....#........@oo.....
.#.....#........##).....
.#.....########## .....
###### .###+### ....
...... ........ ...
...... ........ .(
...... ........ . ......
........ ...... ........
......


You could see an orc warrior, an orc wizard and an orc.

Vanquished Creatures
  Purgy (Sewer)
  An ice beast (D:5)
  A phantom (D:4)
  The ghost of OnekoMk1 the Magician, an amateur DEAE (D:3)
  A bullfrog (D:5)
  A hound (D:4)
  2 orc priests (D:3)
  5 orc wizards
  2 worker ants (D:4)
  A gnoll (D:4)
  5 adders
  A river rat (D:3)
  4 oozes
  An adder skeleton (D:5)
  3 worms (D:2)
  3 leopard geckos
  23 orcs
  3 giant cockroaches
  2 gnoll zombies (D:2)
  4 goblins
  4 hobgoblins
  3 jackals (D:3)
  3 quokkas
  4 ball pythons
  14 bats
  3 frilled lizards
  7 kobolds
  4 rats
107 creatures vanquished.

Vanquished Creatures (others)
  A dart slug (D:3)
1 creature vanquished.

Grand Total: 108 creatures vanquished

Notes
Turn   | Place    | Note
-------+----------+-------------------------------------------
     0 | D:1      | rabbitfr the Deep Elf Fire Elementalist began the quest for the Orb.
     0 | D:1      | Reached XP level 1. HP: 10/10 MP: 6/6
   352 | D:1      | Reached XP level 2. HP: 14/15 MP: 4/8
  1081 | D:2      | Reached XP level 3. HP: 19/19 MP: 3/10
  1086 | D:2      | Learned a level 3 spell: Conjure Flame
  1154 | D:2      | Found a radiant altar of Vehumet.
  1162 | D:2      | Became a worshipper of Vehumet
  1709 | D:2      | Reached skill level 1 in Slings
  1722 | D:2      | Reached XP level 4. HP: 24/24 MP: 9/12
  2083 | D:2      | Found a basalt altar of Yredelemnul.
  2461 | D:3      | Found a glowing drain.
  2514 | Sewer    | Entered a sewer
  2567 | Sewer    | Noticed Purgy
  2580 | Sewer    | Killed Purgy
  2580 | Sewer    | Reached skill level 1 in Shields
  2580 | Sewer    | Reached XP level 5. HP: 28/28 MP: 2/14
  2587 | Sewer    | Learned a level 5 spell: Fireball
  2657 | D:3      | Noticed OnekoMk1's ghost (amateur DEAE)
  2746 | D:2      | Reached XP level 6. HP: 16/33 MP: 3/15
  2978 | D:3      | Reached skill level 5 in Spellcasting
  2996 | D:3      | Killed OnekoMk1's ghost
  2996 | D:3      | Reached * piety under Vehumet
  2996 | D:3      | Offered knowledge of Magic Dart by Vehumet.
  2996 | D:3      | Reached skill level 5 in Fire Magic
  2999 | D:3      | Learned a level 1 spell: Magic Dart
  3986 | D:3      | Found a deep blue altar of Sif Muna.
  4165 | D:3      | Reached XP level 7. HP: 34/37 MP: 14/17
  4649 | D:4      | Offered knowledge of Sandblast by Vehumet.
  4731 | D:4      | Reached ** piety under Vehumet
  5227 | D:5      | Entered Level 5 of the Dungeon
  5688 | D:5      | Found a shadowy altar of Dithmenos.
  5707 | D:5      | Got an ichor-stained leather armour
  5708 | D:5      | Identified the +3 leather armour of Contentment {Dex+4 Stlth+} (You found it on level 5 of the Dungeon)
  5868 | D:5      | Killed from afar by an orc wizard

Skill      XL: |  1  2  3  4  5  6  7 |
---------------+----------------------+-----
Fire Magic     | 4 5 6 |  6.0
Spellcasting   | 4 5 6 |  6.5
Slings         | 1 |  1.2
Shields        | 1 2 3 |  3.0
Conjurations   | 2 3 4 |  4.2
Fighting       | |  0.5
Throwing       | |  0.8
Dodging        | |  2.4
Stealth        | |  2.4

Action                   |  1- 3 |  4- 6 |  7- 9 || total
-------------------------+-------+-------+-------++-------
Melee: Unarmed           |     7 |       |       ||     7
       Short sword       |     2 |       |       ||     2
 Fire: Hunting sling     |    31 |   102 |    31 ||   164
Throw: Stone             |    16 |       |       ||    16
 Cast: Flame Tongue      |    40 |   101 |    63 ||   204
       Conjure Flame     |       |     2 |     1 ||     3
       Magic Dart        |       |     4 |       ||     4
  Use: Scroll            |     3 |     4 |     2 ||     9
 Stab: Sleeping          |     1 |       |       ||     1
  Eat: Chunk             |     2 |     6 |     6 ||    14
Armor: Robe              |    13 |    24 |     5 ||    42
Dodge: Dodged            |    24 |    53 |    10 ||    87
Block: Buckler           |       |    12 |    10 ||    22
